 Dungeon Crawl Stone Soup version 0.19.4-9-g45fd643 (console) character file.

917 Grinner the Ruffian (level 7, -2/91 HPs)
             Began as a Troll Transmuter on Feb 16, 2017.
             Slain by a gnoll
             ... wielding a +0 spear
              (6 damage)
             ... on level 5 of the Dungeon.
             The game lasted 00:06:42 (3196 turns).

Grinner the Ruffian (Troll Transmuter)              Turns: 3196, Time: 00:06:42

Health: -2/91      AC:  7    Str: 24    XL:     7   Next: 83%
Magic:  10/10      EV: 15    Int: 11    God:
Gold:   216        SH:  0    Dex: 15    Spells: 1 memorised, 11 levels left

rFire  + + +     SeeInvis .       - Unarmed
rCold  + . .     Gourm    +     y - +1 robe of Vanity {rF++} (curse)
rNeg   . . .     Faith    +     (no shield)
rPois  +         Spirit   .     (helmet restricted)
rElec  +         Reflect  .     r - +0 cloak
rCorr  +         Harm     .     (gloves unavailable)
MR     .....                    (boots unavailable)
Stlth  ..........               m - amulet of faith
                                (no ring)
                                (no ring)

@: agile, berserking (expiring), resistant, very quick
A: unfitting armour, claws 3, blink, fast metabolism 3, gourmand, regeneration
1, shaggy fur 1, tough skin 2
a: Blink


You were on level 5 of the Dungeon.
You were full.

You visited 1 branch of the dungeon, and saw 5 of its levels.

You collected 216 gold pieces.

Inventory:

Missiles
 a - 76 arrows
Armour
 r - a +0 cloak (worn)
 y - the cursed +1 robe of Vanity (worn) {rF++}
   (You found it on level 4 of the Dungeon)

   It greatly protects you from fire.
   It has a curse placed upon it.
Jewellery
 m - an amulet of faith (around neck)
Wands
 l - a wand of flame (31/48)
Scrolls
 e - 7 scrolls of teleportation {unknown}
 f - 7 scrolls of identify {unknown}
 g - a scroll of enchant weapon {unknown}
 h - 2 scrolls of blinking {unknown}
 i - 5 scrolls of remove curse {unknown}
 n - a scroll of amnesia {unknown}
 o - 2 scrolls of magic mapping {unknown}
 s - a scroll of fog {unknown}
 w - a scroll of recharging {unknown}
Potions
 j - a potion of heal wounds {unknown}
 A - a potion of haste
Books
 c - a book of Changes

   Spells                             Type                      Level
   a - Beastly Appendage              Transmutation                1
   b - Sticks to Snakes               Transmutation                2
   c - Spider Form                    Transmutation/Poison         3
   d - Ice Form                       Ice/Transmutation            4
   e - Blade Hands                    Transmutation                5
Comestibles
 b - 3 chunks of flesh
 d - 3 bread rations
 k - 2 royal jellies
 u - 3 fruits
 x - 2 meat rations
 z - a slice of pizza


   Skills:
 - Level 0.7 Fighting
 - Level 1.5 Dodging
 * Level 6.9 Unarmed Combat
 + Level 3.1 Spellcasting
 + Level 3.6 Transmutations


You had 11 spell levels left.
You knew the following spells:

 Your Spells              Type           Power        Failure   Level  Hunger
z - Beastly Appendage     Tmut           #.....       10%         1    #......


Dungeon Overview and Level Annotations

Branches:
Dungeon (5/15)
 Temple: D:4-7

Altars:
Cheibriados
Ru
Trog
Xom
Zin


Innate Abilities, Weirdness & Mutations

You are too large for most types of armour.
You have claws for hands.
Your metabolism is lightning-fast.
You like to eat raw meat.
Your natural rate of healing is unusually fast.
You are covered in fur. (AC +1)
You have very tough skin. (AC +2)
You can translocate small distances at will.


Message History

The hippogriff misses you. The hippogriff barely misses you.
The hippogriff claws you.
* * * LOW HITPOINT WARNING * * *
The leopard gecko bites you.
* * * LOW HITPOINT WARNING * * *
The crimson imp closely misses you.
The orc priest miscasts a cantrip.
The gnoll misses you.
You scratch the hippogriff but do no damage.
The hippogriff is heavily wounded.
The leopard gecko bites you but does no damage.
The gnoll closely misses you. The leopard gecko barely misses you.
The hippogriff barely misses you. The hippogriff pecks you.
* * * LOW HITPOINT WARNING * * *
The hippogriff closely misses you. The crimson imp closely misses you.
An orc priest comes into view. It is wielding a short sword.
You scratch the hippogriff.
The hippogriff is severely wounded.
The gnoll hits you from afar with a spear.
You die...

######.#####.#
....##.#.[..###..
....#............
..........#####
....#...#.#
###.##.##.#
####.##.# ##.
#.#.o#########.....
#.##..g.gg5@H..#
#....o##ogll####
##########{o# #.o#
#..# #..# #..# #..#


You could see a hippogriff, 2 orc priests, an orc wizard, 4 gnolls, a crimson
imp, 2 orcs and 2 leopard geckos.

Vanquished Creatures
  Menkaure (D:5)
  An orc warrior (D:5)
  An ice beast (D:5)
  An ogre (D:5)
  A scorpion (D:5)
  A crimson imp (D:4)
  2 hounds (D:4)
  A bullfrog skeleton (D:5)
  A gnoll shaman (D:4)
  Natasha (thrice) (D:3)
  Terence (D:2)
  An iguana (D:4)
  2 worker ants
  7 gnolls
  3 adders
  2 oozes
  A worm (D:2)
  2 leopard geckos (D:1)
  3 orcs
  3 ball pythons
  5 bats
  6 giant cockroaches
  13 goblins
  8 hobgoblins
  13 jackals
  6 kobolds
  5 frilled lizards
  7 rats
101 creatures vanquished.

Vanquished Creatures (others)
  A giant cockroach (D:4)
1 creature vanquished.

Grand Total: 102 creatures vanquished

Notes
Turn   | Place    | Note
-------+----------+-------------------------------------------
     0 | D:1      | Grinner the Troll Transmuter began the quest for the Orb.
     0 | D:1      | Reached XP level 1. HP: 18/18 MP: 1/1
   137 | D:1      | Reached XP level 2. HP: 26/26 MP: 3/3
   682 | D:1      | Reached XP level 3. HP: 32/32 MP: 4/4
  1140 | D:2      | Noticed Terence
  1148 | D:2      | Killed Terence
  1148 | D:2      | Reached XP level 4. HP: 21/40 MP: 3/5
  1295 | D:2      | Found a snail-covered altar of Cheibriados.
  1358 | D:2      | Reached skill level 4 in Unarmed Combat
  1548 | D:2      | Found a glowing silver altar of Zin.
  1906 | D:3      | Noticed Natasha
  1911 | D:3      | Killed Natasha
  1911 | D:3      | Reached XP level 5. HP: 34/46 MP: 7/7
  2022 | D:3      | Found a shimmering altar of Xom.
  2024 | D:3      | Found a sacrificial altar of Ru.
  2024 | D:3      | Found a bloodstained altar of Trog.
  2148 | D:3      | Noticed Natasha
  2156 | D:3      | Killed Natasha
  2184 | D:3      | Noticed Natasha
  2188 | D:3      | Killed Natasha
  2188 | D:3      | Reached skill level 5 in Unarmed Combat
  2500 | D:4      | Reached XP level 6. HP: 45/54 MP: 8/8
  2884 | D:4      | Got a heavy robe
  2895 | D:4      | Identified the cursed +1 robe of Vanity {rF++} (You found it on level 4 of the Dungeon)
  3094 | D:5      | Entered Level 5 of the Dungeon
  3099 | D:5      | Reached XP level 7. HP: 61/61 MP: 7/10
  3133 | D:5      | Reached skill level 6 in Unarmed Combat
  3150 | D:5      | Noticed Menkaure
  3152 | D:5      | Gained mutation: Your system is resistant to poisons. (rPois) [potion of mutation]
  3152 | D:5      | Lost mutation: Your system is resistant to poisons. (rPois) [potion of mutation]
  3152 | D:5      | Gained mutation: You can translocate small distances at will. [potion of mutation]
  3157 | D:5      | Killed Menkaure
  3184 | D:5      | Noticed a hippogriff
  3195 | D:5      | HP: 3/91 [hippogriff (2)]
  3196 | D:5      | Slain by a gnoll

Skill      XL: |  1  2  3  4  5  6  7 |
---------------+----------------------+-----
Transmutations | 2 3 |  3.6
Unarmed Combat | 4 5 6 |  6.9
Spellcasting   | 2 3 |  3.1
Fighting       | |  0.7
Dodging        | |  1.5

Action                   |  1- 3 |  4- 6 |  7- 9 || total
-------------------------+-------+-------+-------++-------
Melee: Unarmed           |    74 |   162 |    40 ||   276
       Headbutt          |     2 |     2 |       ||     4
       Kick              |       |     2 |     3 ||     5
       Punch             |       |     2 |     2 ||     4
 Cast: Beastly Appendage |     2 |     3 |     1 ||     6
  Use: Potion            |       |       |     4 ||     4
  Eat: Chunk             |    12 |    20 |       ||    32
Armor: Robe              |    28 |    41 |     5 ||    74
Dodge: Dodged            |    40 |    64 |    47 ||   151
